 Dungeon Crawl Stone Soup version 0.31.0-32-g396128a36d (webtiles) character file.

Game seed: 2474380559111567223

420 mparten the Magician (level 7, -2/45 HPs)
             Began as a Djinni Fire Elementalist on Mar 31, 2024.
             Slain by Sigmund
             ... wielding a +0 scythe
              (7 damage)
             ... on level 5 of the Dungeon.
             The game lasted 00:09:09 (3089 turns).

mparten the Magician (Djinni Fire Elementalist)     Turns: 3089, Time: 00:09:10

Health: -2/45      AC:  2    Str:  7    XL:     7   Next: 16%
Gold:   145        EV: 14    Int: 18    God:
                   SH:  0    Dex: 14

rFire   + + .        (no weapon)
rCold   x . .        (no shield)
rNeg    . . .        a - +0 robe
rPois   ∞            (no helmet)
rElec   .            (no cloak)
rCorr   .            (no gloves)
SInv    .            (boots unavailable)
Will    .....        (no amulet)
Stlth   ++           (no ring)
HPRegen 0.27/turn    (no ring)
MPRegen 0.00/turn

%: infuse magic (-3 HP)
@: flying
A: sickness immunity, fire resistance 2, cold vulnerability 1, float, innate
caster, HP casting, extra vitality 1
a: no special abilities


You were on level 5 of the Dungeon.
You visited 1 branch of the dungeon, and saw 5 of its levels.

You collected 145 gold pieces.

Inventory:

Armour
 a - a +0 robe (worn)
Jewellery
 p - a +6 ring of strength
Wands
 i - a wand of iceblast (8)
Scrolls
 c - 4 scrolls of teleportation {unknown}
 d - a scroll of enchant armour {unknown}
 f - a scroll of silence {unknown}
 h - a scroll of poison {unknown}
 j - a scroll of noise {unknown}
 l - 3 scrolls of identify {unknown}
 m - 2 scrolls of blinking {unknown}
 o - a scroll of enchant weapon {unknown}
Potions
 b - a potion of brilliance {unknown}
 e - a potion of magic {unknown}
 g - 2 potions of curing {unknown}
 k - a potion of might {unknown}
 n - a potion of haste {unknown}
 q - a potion of resistance {unknown}
 r - a potion of heal wounds {unknown}


   Skills:
 + Level 4.7 Dodging
 - Level 1.5 Stealth
 * Level 5.4 Spellcasting
 * Level 5.4 Conjurations
 * Level 5.4 Hexes
   Level 0.0 Charms
 * Level 5.4 Summonings
 * Level 5.4 Necromancy
 * Level 5.4 Translocations
   Level 0.0 Transmutations
 * Level 5.4 Fire Magic
 * Level 5.4 Ice Magic
 * Level 5.4 Air Magic
 * Level 5.4 Earth Magic
 * Level 5.4 Alchemy


You knew the following spells:

 Your Spells              Type           Power      Damage    Failure   Level
a - Foxfire               Conj/Fire      96%        2x1d8     1%          1
b - Scorch                Fire           48%        2d7       1%          2
c - Volatile Blastmotes   Fire/Tloc      48%        2d14      4%          3
d - Inner Flame           Hex/Fire       24%        N/A       4%          3
e - Flame Wave            Conj/Fire      24%        2d8       14%         4
f - Kiss of Death         Conj/Necr      96%        2d12      1%          1
g - Searing Ray           Conj           48%        2d6       1%          2
h - Mephitic Cloud        Conj/Alch/Air  24%        N/A       4%          3
Your spell library was empty.

Dungeon Overview and Level Annotations

Branches:
Dungeon (5/15)
 Temple: D:4-7

Altars:
Cheibriados
The Shining One

Shops:
D:3 ?

Annotations:
D:5 Sigmund


Innate Abilities, Weirdness & Mutations

You are immune to sickness and miasma.
You are immune to poison.
Your flesh is very heat resistant. (rF++)
You are vulnerable to cold. (rC-)
You float through the air rather than walking.
You learn spells naturally, not from books.
Your magical power is your life essence.
You have superior vitality. (+4 MHP)


Message History

Sigmund mumbles some strange words.
Sigmund flickers and vanishes!
Deactivating autopickup; reactivate with Ctrl-A.
You take 2 damage, and have 40/45 hp.
Flames lash the orc warrior.
The orc warrior is burned terribly!
The orc warrior is severely wounded.
Something hits you!
You take 14 damage, and have 26/45 hp.
MASSIVE DAMAGE!!
You are too injured to fight recklessly!
Casting: Scorch (safe; 1% risk of failure)
Confirm with . or Enter, or press ? or * to list all spells.
Flames lash something.
Something hits you.
You take 8 damage, and have 18/45 hp.
Casting: Scorch (safe; 1% risk of failure)
Confirm with . or Enter, or press ? or * to list all spells.
Flames lash the orc priest.
The orc priest is heavily wounded.
The orc priest's fire resistance burns away.
You take 1 damage, and have 17/45 hp.
Casting: Scorch (safe; 1% risk of failure)
Confirm with . or Enter, or press ? or * to list all spells.
Flames lash something.
Something barely misses you.
You take 2 damage, and have 15/45 hp.
Casting: Scorch (safe; 1% risk of failure)
Confirm with . or Enter, or press ? or * to list all spells.
Flames lash the orc priest.
The orc priest is burned terribly!
The orc priest is almost dead.
* * * LOW HITPOINT WARNING * * *
A magic dart appears from out of thin air!
The magic dart hits you.
* * * LOW HITPOINT WARNING * * *
The orc priest casts a cantrip, but nothing happens.
You take 8 damage, and have 7/45 hp.
Casting: Scorch (safe; 1% risk of failure)
Confirm with . or Enter, or press ? or * to list all spells.
Flames lash the orc warrior.
The orc warrior is burned terribly!
The orc warrior is almost dead.
* * * LOW HITPOINT WARNING * * *
Something hits you!
You die...

###.######.### #.## #
#............####...
#.#.#.#....###........
#.....#.##.# #.####...
#..#....## # #.# #..#
##..!.### ..# #..#
##.#.# #%## #..# #.#.#
.. #..# #.#@# ##. #..#
#.#.# .. .... #.#{# ..
#### #..oo ###.# #..
###


You could see an orc warrior (combustible) and an orc priest (combustible).

Vanquished Creatures
  A scorpion (D:4)
  A bombardier beetle (D:4)
  3 hounds (D:5)
  2 sleepcaps (D:3)
  An orc wizard (D:4)
  7 adders
  3 ribbon worms
  2 orcs
  8 ball pythons
  6 bats
  8 endoplasms
  4 giant cockroaches
  9 goblins
  7 hobgoblins
  9 jackals
  2 kobolds
  4 quokkas
  3 frilled lizards
  3 rats
83 creatures vanquished.

Vanquished Creatures (others)
  290 foxfires
290 creatures vanquished.

Grand Total: 373 creatures vanquished

Notes
Turn   | Place    | Note
-------+----------+-------------------------------------------
     0 | D:1      | mparten the Djinni Fire Elementalist began the quest for
                  | the Orb.
     0 | D:1      | mparten set off with the following spells memorised:
                  | Foxfire, Scorch, Volatile Blastmotes, Inner Flame, Flame
                  | Wave.
     0 | D:1      | Reached XP level 1. HP: 15/15 MP: 0/0
   138 | D:1      | Reached XP level 2. HP: 20/21 MP: 0/0
   406 | D:1      | Reached XP level 3. HP: 22/25 MP: 0/0
   406 | D:1      | Learned a level 1 spell: Kiss of Death
   698 | D:2      | Reached XP level 4. HP: 30/31 MP: 0/0
  1020 | D:3      | Found a faded altar of an unknown god.
  1214 | D:3      | Found Vacvuos's Magic Scroll Shop.
  1657 | D:3      | Found a snail-covered altar of Cheibriados.
  1857 | D:3      | Reached XP level 5. HP: 17/35 MP: 0/0
  1857 | D:3      | Learned a level 2 spell: Searing Ray
  2100 | D:4      | Reached XP level 6. HP: 32/40 MP: 0/0
  2466 | D:4      | Reached skill level 5 in Spellcasting
  2466 | D:4      | Reached skill level 5 in Conjurations
  2466 | D:4      | Reached skill level 5 in Hexes
  2466 | D:4      | Reached skill level 5 in Summonings
  2466 | D:4      | Reached skill level 5 in Necromancy
  2466 | D:4      | Reached skill level 5 in Translocations
  2466 | D:4      | Reached skill level 5 in Fire Magic
  2466 | D:4      | Reached skill level 5 in Ice Magic
  2466 | D:4      | Reached skill level 5 in Air Magic
  2466 | D:4      | Reached skill level 5 in Earth Magic
  2466 | D:4      | Reached skill level 5 in Alchemy
  2560 | D:4      | Found a glowing golden altar of the Shining One.
  2890 | D:5      | Entered Level 5 of the Dungeon
  3002 | D:5      | Reached XP level 7. HP: 41/45 MP: 0/0
  3002 | D:5      | Learned a level 3 spell: Mephitic Cloud
  3076 | D:5      | Noticed Sigmund
  3089 | D:5      | Slain by Sigmund

Illustrated notes

Levels and vault maps discovered:
D:1:      nzn_arrival_depleted_hourglass, layout_basic
D:2:      layout_rooms
D:3:      layout_loops_ring, chei_slow_surprise, serial_shops, shop,
          nicolae_ecumenical_pavilion
D:4:      layout_rooms, nicolae_tso_carved_into_rock, minmay_three_crescents
D:5:      layout_loops_ring, uniq_sigmund

Skill      XL: |  1  2  3  4  5  6 |
---------------+-------------------+-----
Dodging        | 3 4 |  4.7
Spellcasting   | 4 5 |  5.4
Conjurations   | 4 5 |  5.4
Hexes          | 4 5 |  5.4
Summonings     | 4 5 |  5.4
Necromancy     | 4 5 |  5.4
Translocations | 4 5 |  5.4
Fire Magic     | 4 5 |  5.4
Ice Magic      | 4 5 |  5.4
Air Magic      | 4 5 |  5.4
Earth Magic    | 4 5 |  5.4
Alchemy        | 4 5 |  5.4
Stealth        | |  1.5

Action                     |  1- 3 |  4- 6 |  7- 9 || total
---------------------------+-------+-------+-------++-------
   Cast: Foxfire           |    63 |   138 |     1 ||   202
         Scorch            |       |    23 |    12 ||    35
 Armour: Robe              |     4 |    23 |     5 ||    32
  Dodge: Dodged            |     8 |    43 |     1 ||    52
